 Dungeon Crawl Stone Soup version 0.32-a0-20-ge526923d97 (webtiles) character file.

Game seed: 17926839138494863806

15115 IdlyInterested the Martial Artist (level 11, -1/117 HPs)
             Began as a Demonspawn Fighter on Jan 17, 2024.
             Succumbed to a redback's poison
             ... in a Gauntlet.
             The game lasted 00:50:58 (11306 turns).

IdlyInterested the Martial Artist (DsFi)           Turns: 11306, Time: 00:50:58

Health: -1/117     AC: 29    Str: 16    XL:     11   Next: 97%
Magic:  9/11       EV:  2    Int: 10    God:
Gold:   780        SH:  5    Dex: 16    Spells: 10/10 levels left

rFire   . .          .
                       - Unarmed
rCold   x . .        (no shield)
rNeg    . . .        c - melded +3 chain mail
rPois   +            n - melded +0 hat {Will+}
rElec   .            a - melded scarf {repulsion}
rCorr   +            (gloves currently unavailable)
SInv    .            (boots unavailable)
Will    +....        L - amulet of Wyh Ceta {Reflect +Inv rC- Will+ SH+5}
Stlth   ++           g - +4 ring of protection
HPRegen 0.39/turn    D - ring of resist corrosion
MPRegen 0.12/turn

%: no teleportation, reflection
@: lethally poisoned (-1 -> -31), tree-form, hasted, very quick
A: stationary, stasis, torment immunity, boosted hp, (claws 1), (hooves 3),
(horns 2), powered by death 2, (camouflage 1), sense surroundings 1, no potion
heal 1, MP-powered wands
a: Evoke Invisibility


You were in a Gauntlet.
You were a tree.
You visited 2 branches of the dungeon, and saw 12 of its levels.
You also visited: Sewer and Gauntlet.

You collected 1053 gold pieces.
You spent 273 gold pieces at shops.

Inventory:

Hand Weapons
 k - a +2 dagger of venom
Missiles
 i - 24 stones (quivered)
 j - 8 javelins
 r - 18 poisoned darts
 I - 4 curare-tipped darts
 U - 2 throwing nets
Armour
 a - a scarf of repulsion (melded)
 c - a +3 chain mail (melded)
 n - a +0 hat of willpower (melded)
 K - a +1 robe of fire resistance
Jewellery
 b - the ring of Lalik {rF++ Int+6 Slay-6}
   (You found it in a Gauntlet)

   [ring of intelligence]

   Int+6:     It affects your intelligence (+6).
   Slay-6:    It affects your accuracy & damage with ranged weapons and melee
   (-6).
   rF++:      It greatly protects you from fire.
 g - a +4 ring of protection (left branch)
 u - a ring of flight
 D - a ring of resist corrosion (right branch)
 E - the ring "Numeon" {rElec rPois Str-5 Int+6 Stlth+}
   (You found it on level 4 of the Dungeon)

   [ring of poison resistance]

   Str-5:     It affects your strength (-5).
   Int+6:     It affects your intelligence (+6).
   rElec:     It insulates you from electricity.
   rPois:     It protects you from poison Stlth+: It makes you more stealthy.
 L - the amulet of Wyh Ceta (around neck) {Reflect +Inv rC- Will+ SH+5}
   (You found it on level 9 of the Dungeon)

   [amulet of reflection]

   Reflect:   It reflects blocked missile attacks.
   rC-:       It makes you vulnerable to cold.
   Will+:     It increases your willpower.
   +Inv:      It lets you turn invisible.
   SH+5:      It affects your SH (+5).
 M - a +4 ring of protection
Wands
 t - a wand of charming (7)
 G - a wand of roots (2)
 H - a wand of quicksilver (17)
 Q - a wand of flame (28)
 S - a wand of digging (3)
Scrolls
 f - 2 scrolls of fear
 o - a scroll of summoning
 s - 4 scrolls of blinking
 y - 4 scrolls of fog
 A - 3 scrolls of revelation
 J - a scroll of poison
 X - a scroll of silence
Potions
 l - a potion of cancellation {unknown}
 m - a potion of mutation
 v - a potion of might
 C - a potion of invisibility
 F - a potion of lignification
 N - a potion of curing
 O - a potion of brilliance {unknown}
 P - a potion of enlightenment
 T - a potion of magic {unknown}
 Y - a potion of resistance {unknown}


   Skills:
 + Level 4.5 Fighting
 * Level 11.3 Short Blades
 - Level 2.0 Throwing
 - Level 3.0 Armour
 - Level 3.0 Dodging
 - Level 2.0 Stealth
 - Level 2.6 Shields
 - Level 12.0 Unarmed Combat
 - Level 2.0 Evocations
 - Level 4.0 Shapeshifting


You had 10 spell levels left.
You didn't know any spells.
Your spell library contained the following spells:

 Spells                   Type           Power      Damage    Failure   Level
 Necrotise                Necr           0%         1d4       36%         1
 Sublimation of Blood     Necr           0%         N/A       50%         2
 Dazzling Flash           Conj/Hex       0%         N/A       75%         3
 Hailstorm                Conj/Ice       0%         3d5       75%         3
 Mephitic Cloud           Conj/Alch/Air  0%         N/A       75%         3
 Summon Ice Beast         Ice/Summ       0%         N/A       75%         3
 Tukima's Dance           Hex            0%         N/A       75%         3
 Vampiric Draining        Necr           0%         2d6       75%         3
 Animate Dead             Necr           0%         N/A       98%         4
 Dimensional Bullseye     Hex/Tloc       0%         N/A       98%         4
 Iskenderun's Mystic Bla  Conj/Tloc      0%         2d3       98%         4
 Martyr's Knell           Necr/Summ      0%         N/A       98%         4
 Summon Blazeheart Golem  Fire/Summ      0%         N/A       98%         4
 Borgnjor's Vile Clutch   Necr/Erth      0%         N/A       100%        5
 Curse of Agony           Necr           0%         N/A       100%        5
 Silence                  Hex/Air        0%         N/A       100%        5
 Sculpt Simulacrum        Ice/Alch       0%         N/A       100%        6
 Orb of Destruction       Conj           0%         9d5       100%        7
 Spellforged Servitor     Conj/Summ      0%         N/A       100%        7


Dungeon Overview and Level Annotations

Branches:
Dungeon (11/15)            Temple (1/1) D:5            Lair (0/5) D:11
    Orc (0/2) D:10          Sewer (visited)         Gauntlet (1/1)

Altars:
Ashenzari
Cheibriados
Dithmenos
Fedhas
Gozag
Hepliaklqana
Kikubaaqudgha
Makhleb
Nemelex Xobeh
Okawaru
Qazlal
Ru
Sif Muna
Trog
Uskayaw
Vehumet
Wu Jian
Xom
Yredelemnul

Shops:
D:3 (=?   D:9 (**

Annotations:
Gauntlet 7 transporters


Innate Abilities, Weirdness & Mutations

You are a tree.
Your roots penetrate the ground, keeping you stationary.
You cannot be teleported.
You are immune to unholy pain and torment.
Your maximum health is greatly increased.
Your equipment is partially melded.
((You have sharp fingernails.))
((You have hooves in place of feet.))
((You have a pair of horns on your head.))
You regenerate health from kills.
((Your skin changes colour to match your surroundings (Stealth+).))
You passively map a small area around you.
Potions are less effective at restoring your health.
You expend magic power (3 MP) to strengthen your wands.


Message History

The entropy weaver hits you but does no damage.
You claw the entropy weaver!
You kill the entropy weaver!
You scratch the redback but do no damage.
You kick the redback. Your claw misses the redback.
The redback is lightly wounded.
The redback bites you.
* * * LOW HITPOINT WARNING * * *
The redback bites you but does no damage.
Your system partially rejects the healing.
You feel much better. The redback barely misses you.
You scratch the redback. Your kick misses the redback.
Your headbutt misses the redback.
The redback is lightly wounded.
The redback bites you but does no damage.
You barely miss the redback. You kick the redback. You headbutt the redback.
Your claw misses the redback.
The redback is heavily wounded.
The redback bites you but does no damage.
The redback bites you!
* * * LOW HITPOINT WARNING * * *
You are lethally poisoned!
The redback poisons you!
You turn into a tree.
Your scarf of repulsion melds into your body.
Your +0 hat of willpower melds into your body.
Your +3 chain mail melds into your body.
The haze of the repulsion field disappears.
You feel less strong-willed.
Your roots penetrate the ground.
* * * LOW HITPOINT WARNING * * *
You feel extremely sick. The redback bites you.
* * * LOW HITPOINT WARNING * * *
You pummel the redback!!
You kill the redback!
* * * LOW HITPOINT WARNING * * *
You feel extremely sick.
Okay, then.
It was a potion of haste.
You feel yourself speed up.
You die...

#8#....................
###..###########...####
#..#$.≈}©[.≈B#...#3..
###..#.≈...≈.≈.#...#3##
#8#..#.≈≈...≈..#...#.#.
###..#.≈.≈≈≈.≈.#...#2..
#..#≈..≈.≈.≈≈#...#.##
###..#≈†≈...≈..#...#3#.
#8#..#♣≈.≈≈.≈≈.#...#...
###..#.≈..≈..≈.#...#.##
#..#..≈≈...≈.#...#...
###..###########...####
#8#.....#.©.#....≈....#
###...8.#...#...≈8≈...#
#.....#.©.#....≈....#
###..###########...####
#8#..#.....##©##...#..s


There were no monsters in sight!

Vanquished Creatures
  Gastronok (D:8)
  An entropy weaver (Gauntlet)
  A hydra (D:10)
  The ghost of Larett the Summoner, a journeyman HOSu of Beogh (D:10)
  4 two-headed ogres
  Nergalle (D:10)
  3 sixfirhies (Gauntlet)
  An unseen horror zombie (D:9)
  An unseen horror skeleton (D:9)
  Jeremiah (D:9)
  Grinder (D:5)
  2 trolls (D:10)
  5 yaks
  A steam dragon (D:7)
  A redback (Gauntlet)
  An acid dragon (D:10)
  A water moccasin (D:5)
  An ice beast (D:8)
  A sky beast (D:7)
  A black bear (D:7)
  4 orc warriors
  4 ogres
  The ghost of RockinRobin the Trooper, an amateur DsFi (D:3)
  2 centaurs (D:10)
  4 kobold brigands
  A weeping skull (D:3)
  3 gnoll sergeants (D:10)
  5 bullfrogs
  A cane toad simulacrum (Gauntlet)
  3 scorpions
  12 wights
  12 killer bees (D:9)
  2 howler monkeys
  2 centaur zombies (D:9)
  2 orc priests
  2 jellies
  A bombardier beetle (D:4)
  2 gnoll boudas
  4 hounds
  3 sleepcaps
  Jessica (D:3)
  3 iguanas
  3 orc wizards
  3 centaur simulacra
  11 gnolls
  8 adders
  3 river rats (Sewer)
  A white imp (D:7)
  4 ufetubi
  2 dart slugs
  4 ribbon worms
  17 orcs
  18 ball pythons
  8 endoplasms
  4 giant cockroaches
  8 hobgoblins
  3 jackals (D:1)
  5 quokkas
  5 bats
  7 frilled lizards
  3 goblins
  16 kobolds
  23 rats
  A spectral orc (D:3)
261 creatures vanquished.

Vanquished Creatures (collateral kills)
  A yak (D:7)
  An ogre (D:5)
  An orc (D:9)
3 creatures vanquished.

Vanquished Creatures (others)
  A gnoll sergeant (D:7)
  A hound (D:5)
2 creatures vanquished.

Grand Total: 266 creatures vanquished

Notes
Turn   | Place    | Note
-------+----------+-------------------------------------------
     0 | D:1      | IdlyInterested the Demonspawn Fighter began the quest for
                  | the Orb.
     0 | D:1      | Reached XP level 1. HP: 18/18 MP: 1/1
    10 | D:1      | Found a faded altar of an unknown god.
   179 | D:1      | Discovered your monstrous ancestry.
   179 | D:1      | Gained mutation: You have large cloven feet. [demonic
                  | ancestry]
   179 | D:1      | Reached XP level 2. HP: 24/24 MP: 2/2
   863 | D:2      | Gained mutation: You have hoof-like feet. [demonic
                  | ancestry]
   863 | D:2      | Reached XP level 3. HP: 29/29 MP: 3/3
   959 | D:2      | Identified the +1 pair of boots of the Lich-sworn {rN+}
  1754 | D:3      | Found Ecamav's Magic Scroll Boutique.
  1772 | D:3      | Found a transporter.
  1772 | D:3      | Noticed RockinRobin's ghost (amateur DsFi)
  1786 | D:3      | Reached XP level 4. HP: 26/35 MP: 4/4
  1849 | D:3      | Found a sparkling altar of Nemelex Xobeh.
  1867 | D:3      | Found a burning altar of Makhleb.
  1867 | D:3      | Found a blossoming altar of Fedhas.
  1910 | D:3      | Found a basalt altar of Yredelemnul.
  1910 | D:3      | Noticed a weeping skull
  1924 | D:3      | Killed a weeping skull
  1925 | D:3      | Gained mutation: You regenerate a little health from kills.
                  | [demonic ancestry]
  1925 | D:3      | Reached XP level 5. HP: 41/41 MP: 5/5
  2130 | D:3      | Found a transporter.
  2134 | D:3      | Got the Book of Necromancy
  2400 | D:3      | Noticed Jessica
  2410 | D:3      | Killed Jessica
  2411 | D:3      | Reached skill level 5 in Short Blades
  2412 | D:3      | Found a faded altar of an unknown god.
  2412 | D:3      | Found a hazy altar of Hepliaklqana.
  2472 | D:3      | Found Xodorr's Jewellery Shop.
  2476 | D:3      | Found Balok's Antique Weapon Boutique.
  2749 | D:3      | Killed RockinRobin's ghost
  2750 | D:3      | Gained mutation: You have sharp fingernails. [demonic
                  | ancestry]
  2750 | D:3      | Reached XP level 6. HP: 21/47 MP: 6/6
  3026 | D:4      | Found a glowing drain.
  3032 | Sewer    | Entered a sewer
  3501 | D:4      | Identified the ring "Numeon" {rElec rPois Str-5 Int+6
                  | Stlth+}
  3580 | D:4      | Reached XP level 7. HP: 52/52 MP: 7/7
  3771 | D:4      | Found an iron altar of Okawaru.
  3859 | D:4      | Found a broken altar of Ashenzari.
  4162 | D:3      | Bought a scroll of identify for 28 gold pieces
  4162 | D:3      | Bought 2 scrolls of identify for 56 gold pieces
  4254 | D:5      | Entered Level 5 of the Dungeon
  4509 | D:5      | Noticed Grinder
  4522 | D:5      | Paralysed by Grinder for 5 turns
  4561 | D:5      | Killed Grinder
  4562 | D:5      | Gained mutation: You regenerate health from kills. [demonic
                  | ancestry]
  4562 | D:5      | Reached XP level 8. HP: 26/58 MP: 8/8
  5087 | D:5      | Found a staircase to the Ecumenical Temple.
  5096 | Temple   | Entered the Ecumenical Temple
  5283 | D:6      | Found a hide-covered altar of Uskayaw.
  5370 | D:6      | Reached skill level 10 in Short Blades
  5428 | D:6      | Reached skill level 1 in Unarmed Combat
  5521 | D:6      | Reached skill level 2 in Unarmed Combat
  5655 | D:6      | Reached skill level 1 in Dodging
  5753 | D:7      | Reached skill level 3 in Unarmed Combat
  5770 | D:7      | Reached skill level 1 in Throwing
  5771 | D:7      | Noticed a two-headed ogre
  5796 | D:7      | Killed a two-headed ogre
  5797 | D:7      | Reached skill level 5 in Unarmed Combat
  5797 | D:7      | Gained mutation: You have a pair of small horns on your
                  | head. [demonic ancestry]
  5797 | D:7      | Reached XP level 9. HP: 32/63 MP: 9/9
  6155 | D:7      | Reached skill level 1 in Stealth
  6155 | D:7      | Reached skill level 6 in Unarmed Combat
  6171 | D:7      | Reached skill level 1 in Evocations
  6339 | D:7      | Reached skill level 1 in Shapeshifting
  6538 | D:8      | Reached skill level 7 in Unarmed Combat
  6762 | D:8      | Noticed Gastronok
  6802 | D:8      | Killed Gastronok
  6803 | D:8      | Reached skill level 8 in Unarmed Combat
  6803 | D:8      | Gained mutation: You have hooves in place of feet. [demonic
                  | ancestry]
  6803 | D:8      | Reached XP level 10. HP: 55/71 MP: 10/10
  7271 | D:8      | Found an ornate altar of the Wu Jian Council.
  7862 | D:9      | Found Pocapsonk's Assorted Antiques.
  7901 | D:9      | Reached skill level 9 in Unarmed Combat
  8114 | D:9      | Noticed Jeremiah
  8128 | D:9      | Killed Jeremiah
  8198 | D:9      | Noticed a two-headed ogre
  8209 | D:9      | Killed a two-headed ogre
  8342 | D:9      | Noticed a +0 demon blade
  8350 | D:9      | Found Qaomyaff's Weapon Shop.
  8353 | D:9      | Noticed a +0 rapier
  8517 | D:9      | Reached skill level 10 in Unarmed Combat
  8589 | D:9      | Found Kyikuup's General Store.
  8590 | D:9      | Identified the amulet of Wyh Ceta {Reflect +Inv rC- Will+
                  | SH+5}
  8712 | D:9      | Bought a lumpy puce potion for 23 gold pieces
  8712 | D:9      | Bought a fuming inky potion for 23 gold pieces
  8712 | D:9      | Bought a scroll labelled GIT XOMUQEY for 26 gold pieces
  8712 | D:9      | Bought a scroll labelled BAOMPOETEGO for 26 gold pieces
  8761 | D:9      | Bought a potion of degeneration for 13 gold pieces
  8761 | D:9      | Bought a scroll of identify for 26 gold pieces
  8815 | D:9      | Bought a scroll of identify for 52 gold pieces
  9175 | D:10     | Entered Level 10 of the Dungeon
  9176 | D:10     | Gained mutation: Potions are less effective at restoring
                  | your health. [potion of mutation]
  9176 | D:10     | Gained mutation: Your skin changes colour to match your
                  | surroundings (Stealth+). [potion of mutation]
  9176 | D:10     | Gained mutation: You expend magic power (3 MP) to
                  | strengthen your wands. [potion of mutation]
  9176 | D:10     | Gained mutation: You passively map a small area around you.
                  | [potion of mutation]
  9234 | D:10     | Noticed Nergalle
  9249 | D:10     | Killed Nergalle
  9250 | D:10     | Gained mutation: You have a pair of horns on your head.
                  | [demonic ancestry]
  9250 | D:10     | Reached XP level 11. HP: 9/74 MP: 11/11
  9482 | D:10     | Noticed a two-headed ogre
  9490 | D:10     | Killed a two-headed ogre
  9671 | D:10     | Found a runed translucent gate.
  9673 | D:10     | Found a runed translucent gate.
  9676 | D:10     | Found a runed translucent gate.
  9677 | D:10     | Noticed Larett's ghost (journeyman HOSu)
  9677 | D:10     | Noticed an 11-headed hydra
  9680 | D:10     | Noticed a two-headed ogre
  9689 | D:10     | Reached skill level 11 in Unarmed Combat
  9702 | D:10     | Killed a two-headed ogre
 10354 | D:10     | Found a staircase to the Orcish Mines.
 10520 | D:10     | Killed Larett's ghost
 10531 | D:10     | Killed an 11-headed hydra
 10737 | D:11     | Found a gate leading to a gauntlet.
 10745 | Gauntlet | Entered a Gauntlet
 10745 | Gauntlet | Found a transporter.
 10745 | Gauntlet | Found a transporter.
 10746 | Gauntlet | Found a transporter.
 10746 | Gauntlet | Found a transporter.
 10749 | Gauntlet | Found a transporter.
 10752 | Gauntlet | Noticed a sixfirhy
 10802 | Gauntlet | Found a transporter.
 10804 | Gauntlet | Found a transporter.
 10813 | Gauntlet | Noticed a cacodemon
 10818 | Gauntlet | Found a transporter.
 10838 | Gauntlet | Noticed an entropy weaver
 10846 | Gauntlet | Found a transporter.
 10851 | Gauntlet | Noticed a sixfirhy
 10853 | Gauntlet | Found a transporter.
 10856 | Gauntlet | Found a transporter.
 10861 | Gauntlet | Noticed a sixfirhy
 10915 | Gauntlet | Found a transporter.
 11034 | Gauntlet | Killed a sixfirhy
 11132 | Gauntlet | Killed a sixfirhy
 11139 | Gauntlet | Killed a sixfirhy
 11140 | Gauntlet | Reached skill level 12 in Unarmed Combat
 11238 | Gauntlet | Identified the ring of Lalik {rF++ Int+6 Slay-6}
 11299 | Gauntlet | Killed an entropy weaver
 11305 | Gauntlet | HP: 5/117 [poisoned by a redback]
 11306 | Gauntlet | Succumbed to a redback's poison

Illustrated notes

Levels and vault maps discovered:
D:1:      dreamdust_arrival_beginning_and_end, layout_loops_ring,
          ebering_ecumenical_altar_mist
D:2:      layout_basic
D:3:      layout_basic, yredelemnul_forgotten_temple_becter,
          mainiacjoe_overflow_six_doors_small,
          beargit_hepliaklqana_dungeon_heroes, gammafunk_temple_overflow_statue,
          serial_shops, shop, shop, shop, gammafunk_ghost_arena
D:4:      layout_gridville, evilmike_ruin_ashenzari,
          mainiacjoe_overflow_catwalk_spiral, gup_sewer_entry_bubbles
D:5:      layout_basic, minmay_temple_entry_poolview, uniq_grinder
D:6:      layout_gridville, nicolae_uskayaw_dance_studio,
          grunt_decor_resistance, hangedman_abyss_or_decor_lesser_grid,
          serial_bayou_pond_c
D:7:      layout_loops_cross, minmay_between
D:8:      layout_loops_corners, mainiacjoe_overflow_catwalk, serial_park_tiny_2,
          kennysheep_nondescript, st_stairs_4, uniq_gastronok
D:9:      layout_rooms, lemuel_tele_altar, serial_shops,
          nicolae_shop_mannequins, nicolae_shop_window_shopping, shop_coins,
          hangedman_weighted_door, uniq_jeremiah
D:10:     layout_roguey, kennysheep_orc_monster_closet_entryway,
          gammafunk_ghost_hydra_chop, uniq_nergalle
D:11:     layout_roguey, grunt_lair_entry_orc_guard_hut, gauntlet_entry_generic,
          minmay_misc_feat_plants, uniq_grum, uniq_psyche
Temple:   minmay_temple_curvy_loop
Gauntlet: gammafunk_gauntlet_hard_choice [gammafunk_gauntlet_arena_hedges,
          gammafunk_gauntlet_arena_grid, gammafunk_gauntlet_arena_teeth,
          gammafunk_gauntlet_arena_spirals, nicolae_gauntlet_arena_grate_2,
          nicolae_gauntlet_arena_flowing_pool, gauntlet_exit_hidden_loot]

Skill      XL: |  1  2  3  4  5  6  7  8  9 10 11 |
---------------+----------------------------------+-----
Short Blades   | 2 3 4 5 7 8 10 11 | 11.3
Unarmed Combat | 5 8 10 12 | 12.0
Armour         | 3 |  3.0
Dodging        | 1 3 |  3.0
Throwing       | 1 2 |  2.0
Stealth        | 1 2 |  2.0
Evocations     | 1 2 |  2.0
Shapeshifting  | 1 4 |  4.0
Fighting       | 4 |  4.5
Shields        | |  2.6

Action                     |  1- 3 |  4- 6 |  7- 9 | 10-12 || total
---------------------------+-------+-------+-------+-------++-------
  Melee: Rapier            |    55 |       |       |       ||    55
         Dagger            |    69 |   205 |   372 |    59 ||   705
         Kick              |    12 |    16 |       |   148 ||   176
         Punch             |       |       |    11 |    27 ||    38
         Headbutt          |       |       |    41 |    72 ||   113
         Unarmed           |       |       |    37 |   344 ||   381
  Throw: Stone             |     4 |     1 |    15 |     6 ||    26
         Dart              |       |       |     6 |     5 ||    11
         Javelin           |       |       |       |     1 ||     1
  Evoke: Wand              |       |       |     5 |     2 ||     7
    Use: Scroll            |     2 |     1 |     6 |     6 ||    15
         Potion            |       |     3 |     6 |    10 ||    19
 Armour: Scale mail        |    46 |       |       |       ||    46
         Plate armour      |     9 |   175 |    16 |       ||   200
         Chain mail        |     5 |       |   224 |   386 ||   615
         Skin              |       |       |       |     1 ||     1
  Dodge: Dodged            |    36 |    56 |   109 |   168 ||   369
  Block: Buckler           |    22 |    11 |       |       ||    33
         Other             |       |       |       |    52 ||    52
         Reflection        |       |       |       |     2 ||     2

Table legend: (Time is in decaauts)
 A = Elapsed time spent in this place.
 B = Non-inter-level travel time spent in this place.
 C = Inter-level travel time spent in this place.
 D = Time resting spent in this place.
 E = Time spent auto-exploring this place.
 F = Levels seen in this place.
 G = Mean time per level.
                   A        B        C        D        E       F      G
               +--------+--------+--------+--------+--------+-----+--------+
         Total |  11033 |   9819 |   1214 |   1816 |   5020 |  14 |  788.1 |
       Dungeon |  10131 |   8917 |   1214 |   1571 |   4929 |  11 |  921.0 |
        Temple |      1 |      1 |      0 |      0 |      0 |   1 |    1.0 |
         Sewer |    351 |    351 |      0 |    102 |     91 |   1 |  351.0 |
      Gauntlet |    548 |    548 |      0 |    143 |      0 |   1 |  548.0 |
               +--------+--------+--------+--------+--------+-----+--------+

Top non-repeatable levels by time:
    D:10: 1477 daAuts
     D:8: 1308 daAuts
     D:3: 1289 daAuts
     D:9: 1051 daAuts
     D:4: 1010 daAuts
     D:2: 924 daAuts
     D:5: 896 daAuts
     D:1: 850 daAuts
     D:7: 770 daAuts
Gauntlet: 548 daAuts
     D:6: 509 daAuts
   Sewer: 351 daAuts
    D:11: 43 daAuts
  Temple: 1 daAuts
